AoeStats
← Basado Basadez

Lombardia

509948618Analyzed
3v3 RM · 2d ago on Sep 28, 2026· 55m 40s· 6 players
Game mode
Random Map
Map size
Normal (6 player)
Population
200
Speed
Normal
Resources
Standard
Victory
Conquest
Starting age
Dark Age
Ending age
Imperial Age
RankedLock teamsTeams togetherTeam positionsShared explorationLock speedFull tech treeHidden civsTurbo modeCheats
Victory
Defeat
🇬🇧 Magyars · United Kingdom
1092
+14
🇪🇸 Teutons · Spain
1091
+14
🇪🇸 Huns · Spain
1091
+14
🇵🇹 Italians · Portugal
1089
-16
🇵🇹 Franks · Portugal
1044
-14
🇵🇹 Inca · Portugal
995
-12
bitconnect
11:51 Feudal Age
10:25 Loom
16:20 Castle Age
14:51 Double-Bit Axe
14:46 Horse Collar
17:03 Loom
19:39 Bow Saw
21:50 Heavy Plow
25:43 Ballistics
27:20 Wheelbarrow
26:30 Town Watch
27:40 Gold Mining
28:15 Fletching
28:25 Padded Archer Armor
30:02 Hand Cart
30:05 Leather Archer Armor
30:44 Bodkin Arrow
31:27 Thumb Ring
35:58 Imperial Age
35:47 Masonry
35:33 Murder Holes
35:49 Fortified Wall
35:56 Stone Mining
38:02 Chemistry
38:35 Conscription
38:25 Pirotechnia
39:50 Silk Road
40:54 Stone Shaft Mining
42:51 Two-Man Saw
42:29 Crop Rotation
43:07 Elite Genoese Crossbowman
51:55 Bracer
52:25 Ring Archer Armor
Rocky Basto
10:10 Feudal Age
12:19 Double-Bit Axe
15:34 Loom
19:23 Castle Age
20:57 Scale Barding Armor
29:24 Forging
31:04 Husbandry
32:38 Chain Barding Armor
35:38 Fletching
43:03 Imperial Age
42:34 Iron Casting
43:16 Cavalier
52:45 Gold Mining
Torch Wood
10:22 Feudal Age
16:30 Castle Age
15:17 Double-Bit Axe
18:45 Horse Collar
22:35 Town Watch
23:20 Stone Mining
25:42 Bow Saw
29:59 Scale Mail Armor
32:58 Caravan
34:37 Heavy Plow
35:25 Thumb Ring
35:25 Fletching
36:03 Squires
36:53 Forging
39:19 Chain Mail Armor
39:40 Iron Casting
41:27 Fortified Wall
41:38 Ballistics
41:01 Treadmill Crane
42:40 Wheelbarrow
42:13 Town Patrol
41:54 Elite Skirmisher
47:49 Masonry
47:35 Murder Holes
Basado Basadez
9:17 Loom
12:17 Feudal Age
16:59 Scale Barding Armor
18:31 Horse Collar
18:38 Double-Bit Axe
24:05 Castle Age
24:34 Bloodlines
25:08 Stone Mining
25:09 Gold Mining
25:49 Heavy Plow
31:46 Wheelbarrow
30:57 Town Watch
34:37 Hand Cart
34:46 Husbandry
35:11 Chain Barding Armor
37:41 Imperial Age
37:09 Corvinian Army
37:34 Bow Saw
38:53 Conscription
40:07 Crop Rotation
41:04 Plate Barding Armor
40:20 Fletching
41:54 Elite Magyar Huszar
44:23 Two-Man Saw
43:32 Town Patrol
51:40 Bodkin Arrow
Goroez
3:12 Loom
10:31 Feudal Age
12:53 Double-Bit Axe
14:11 Bloodlines
14:14 Horse Collar
15:14 Scale Barding Armor
15:19 Forging
15:18 Town Watch
25:48 Castle Age
25:35 Gold Mining
26:57 Husbandry
27:35 Thumb Ring
28:09 Wheelbarrow
27:59 Fletching
28:49 Iron Casting
29:34 Heavy Plow
30:48 Bodkin Arrow
31:15 Chain Barding Armor
30:56 Padded Archer Armor
31:25 Town Patrol
31:52 Bow Saw
34:19 Leather Archer Armor
35:35 Ballistics
35:11 Murder Holes
39:10 Imperial Age
36:59 Hand Cart
39:39 Cavalier
48:07 Two-Man Saw
48:56 Blast Furnace
47:56 Bracer
48:32 Plate Barding Armor
50:08 Paladin
51:36 Light Cavalry
The Bear Jew
2:52 Loom
11:40 Feudal Age
14:51 Bloodlines
14:37 Double-Bit Axe
15:32 Gold Mining
15:23 Horse Collar
19:06 Castle Age
21:04 Bow Saw
23:57 Stone Mining
24:32 Heavy Plow
29:34 Imperial Age
27:30 Ballistics
27:09 Town Watch
27:59 Wheelbarrow
29:11 Hand Cart
30:09 Scale Barding Armor
31:10 Squires
31:50 Caravan
33:05 Chemistry
32:29 Chain Barding Armor
32:01 Fletching
33:55 Plate Barding Armor
33:33 Forging
32:50 Pikeman
32:53 Cavalier
34:02 Conscription
35:59 Town Patrol
36:22 Scale Mail Armor
36:58 Iron Casting
36:20 Bodkin Arrow
38:09 Paladin
39:59 Blast Furnace
39:15 Chain Mail Armor
40:54 Crenellations
40:35 Elite Teutonic Knight
43:14 Plate Mail Armor
43:25 Capped Ram
54:47 Onager
Connection lost

Rejoining the realm…

Still unreachable

The connection could not be restored.

Session expired

The server has moved on; the page needs a fresh start.